 Dungeon Crawl Stone Soup version 0.28-a0-384-g9e0c098162 (webtiles) character file.

Game seed: 9303818493368518877

129 pokeman the Magician (level 4, -2/25 HPs)
             Began as a Deep Elf Hedge Wizard on Sept 2, 2021.
             Killed from afar by Natasha (7 damage)
             ... with a magic dart
             ... on level 3 of the Dungeon on Sept 3, 2021.
             The game lasted 00:08:02 (2859 turns).

pokeman the Magician (Deep Elf Hedge Wizard)        Turns: 2859, Time: 00:08:03

Health: -2/25      AC: 10    Str:  7    XL:     4   Next: 88%
Magic:  1/13       EV: 11    Int: 20    God:
Gold:   97         SH:  0    Dex: 14    Spells: 3/14 levels left

rFire   . . .      SeeInvis .   n - +2 short sword (venom)
rCold   . . .      Faith    .   (no shield)
rNeg    . . .      Spirit   .   p - +0 leather armour
rPois   .          Reflect  .   f - +2 helmet
rElec   .          Harm     .   r - +2 cloak
rCorr   .          Rampage  .   g - +0 pair of gloves
Will    .....                   (no boots)
Stlth   ++........              (no amulet)
HPRegen 0.08/turn               (no ring)
MPRegen 0.13/turn               (no ring)

@: very slightly contaminated, studying Earth Magic
A: no striking features
a: no special abilities


You were on level 3 of the Dungeon.
You visited 1 branch of the dungeon, and saw 3 of its levels.

You collected 97 gold pieces.

Inventory:

Hand Weapons
 n - a +2 short sword of venom (weapon)
 q - a +2 quarterstaff of chaos
Missiles
 b - 23 arrows
 h - 13 bolts
Armour
 f - a +2 helmet (worn)
 g - a +0 pair of gloves (worn)
 p - a +0 leather armour (worn)
 r - a +2 cloak (worn)
Scrolls
 a - a scroll of enchant armour {unknown}
 d - 2 scrolls of blinking {unknown}
 i - 3 scrolls of amnesia {unknown}
 k - a scroll of brand weapon {unknown}
 l - 4 scrolls of identify {unknown}
 t - a scroll of silence {unknown}
Potions
 c - 2 potions of curing {unknown}
 e - 2 potions of attraction {unknown}
 j - a potion of magic {unknown}
 m - a potion of heal wounds {unknown}
 o - 2 potions of haste {unknown}
 s - a potion of might {unknown}


   Skills:
 + Level 1.4 Fighting
 + Level 1.3 Armour
 - Level 2.4 Dodging
 - Level 2.4 Stealth
 * Level 5.9 Spellcasting
 + Level 2.4 Conjurations
 - Level 1.1 Summonings
 - Level 1.1 Translocations


You had 3 spell levels left.
You knew the following spells:

 Your Spells              Type           Power      Damage    Failure   Level
a - Magic Dart            Conj           60%        1d6       5%          1
b - Mephitic Cloud        Conj/Pois/Air  9%         N/A       32%         3
c - Call Imp              Summ           10%        N/A       14%         2
d - Blink                 Tloc           N/A        N/A       14%         2
e - Conjure Flame         Conj/Fire      10%        6-21      28%         3

Your spell library contained the following spells:

 Spells                   Type           Power      Damage    Failure   Level
 Slow                     Hex            5%         N/A       24%         2


Dungeon Overview and Level Annotations

Branches:
Dungeon (3/15)

Altars:
Hepliaklqana
Yredelemnul

Annotations:
D:3 Natasha


Message History

The stinking cloud engulfs the quokka but does no damage.
You hear a shout!
The shadow imp hits your crimson imp.
Natasha claws your crimson imp but does no damage.
The quokka is engulfed in noxious fumes.
The quokka appears confused.
Your crimson imp barely misses Natasha.
Unknown command.
You hit the quokka.
The quokka is heavily wounded.
The shadow imp hits your crimson imp but does no damage.
The quokka is engulfed in noxious fumes.
The quokka appears confused.
The quokka closely misses you. Natasha claws your crimson imp.
Your crimson imp barely misses Natasha.
You catch the helpless quokka completely off-guard!
You puncture the quokka!
You kill the quokka!
The shadow imp closely misses your crimson imp.
Natasha claws your crimson imp.
Your crimson imp dies!
Your crimson imp disappears in a puff of smoke!
The crimson imp blinks!
The shadow imp gestures at you. Pain shoots through your body!
Your magical contamination has completely faded away.
The shadow imp disappears in a puff of smoke!
Natasha howls an incantation.
Natasha glows brightly for a moment.
Casting: Mephitic Cloud (extremely dangerous; 32% risk of failure)
Confirm with . or Enter, or press ? or * to list all spells.
The spell is extremely dangerous to cast (32% risk of failure)!
Continue anyway?
Aiming: Mephitic Cloud (extremely dangerous; 32% risk of failure)
Press: ? - help, Shift-Dir - straight line, f - Natasha
Aim: Natasha (severely wounded, chance to affect: 86%)
You miscast Mephitic Cloud.
You are very lightly contaminated with residual magic.
Strange energies run through your body!
* * * LOW HITPOINT WARNING * * *
Natasha casts a spell at you. The magic dart hits you!
You die...

#......h5...#
##.###.#
#.>..######.#
##.#... #.. . #.#
##.#)# . .###.#
#.#.. ..##h#
#.#.# #≈≈ ≈§##
#.##.# #.#.. ≈≈§
≈§≈# #.##.# #.###
#§≈≈ ≈≈≈# #.##.#
#.### #§≈≈#§≈≈#
#.##@# #.#.#
#≈≈≈.§§≈####.##.#
#†#.#
#§§§§§≈§#.......#
#.#.#
#§≈§§≈###...####
#.#.#
###'#####.###
#.#.#
#.#.#.#.#.###
#.#.#
#..##.......####
#....
#.#.###.#......#
###..
#.##.#.####.##.#
#..


You could see Natasha.

Vanquished Creatures
  Crazy Yiuf (D:2)
  Jessica (D:3)
  Natasha (D:3)
  An adder (D:3)
  A worm (D:3)
  3 orcs (D:3)
  5 goblins
  2 hobgoblins (D:1)
  4 jackals (D:2)
  3 quokkas
  4 ball pythons
  3 bats
  2 frilled lizards
  4 kobolds
  4 rats
39 creatures vanquished.

Notes
Turn   | Place    | Note
-------+----------+-------------------------------------------
     0 | D:1      | pokeman the Deep Elf Hedge Wizard began the quest for the
                  | Orb.
     0 | D:1      | Reached XP level 1. HP: 10/10 MP: 7/7
   386 | D:1      | Reached XP level 2. HP: 16/16 MP: 1/9
  1106 | D:2      | Found a runed translucent door.
  1107 | D:2      | Noticed Crazy Yiuf
  1199 | D:2      | Reached skill level 5 in Spellcasting
  1944 | D:3      | Reached XP level 3. HP: 20/20 MP: 5/11
  1948 | D:3      | Learned a level 3 spell: Mephitic Cloud
  1951 | D:3      | Learned a level 2 spell: Call Imp
  1954 | D:3      | Learned a level 2 spell: Blink
  1958 | D:3      | Learned a level 3 spell: Conjure Flame
  2044 | D:2      | Killed Crazy Yiuf
  2045 | D:2      | Reached skill level 1 in Fighting
  2045 | D:2      | Reached skill level 1 in Armour
  2238 | D:3      | Reached XP level 4. HP: 23/25 MP: 9/13
  2505 | D:3      | Noticed Natasha
  2515 | D:3      | Killed Natasha
  2607 | D:3      | Noticed Jessica
  2613 | D:3      | Killed Jessica
  2705 | D:3      | Found a hazy altar of Hepliaklqana.
  2705 | D:3      | Found a basalt altar of Yredelemnul.
  2831 | D:3      | Noticed Natasha
  2859 | D:3      | Killed from afar by Natasha

Illustrated notes

Levels and vault maps discovered:
D:1:      moated_graveyard_arrival, layout_basic
D:2:      layout_basic, minmay_misc_feat_tower, uniq_crazy_yiuf_cottage
D:3:      layout_loops_ring, gammafunk_temple_overflow_statue,
          roderic_roman_lattice, kennysheep_flooded_box, uniq_jessica,
          uniq_terence, uniq_natasha, uniq_robin

Skill      XL: |  1  2  3 |
---------------+----------+-----
Spellcasting   | 5 |  5.9
Fighting       | 1 |  1.4
Armour         | 1 |  1.3
Conjurations   | 2 |  2.4
Dodging        | |  2.4
Stealth        | |  2.4
Summonings     | |  1.1
Translocations | |  1.1

Action                   |  1- 3 |  4- 6 || total
-------------------------+-------+-------++-------
Melee: Dagger            |    20 |       ||    20
       Short sword       |     4 |     7 ||    11
 Cast: Magic Dart        |    68 |    10 ||    78
       Mephitic Cloud    |     2 |     3 ||     5
       Call Imp          |     2 |     1 ||     3
       Conjure Flame     |       |     1 ||     1
 Stab: Confused          |       |     2 ||     2
Armor: Robe              |     8 |       ||     8
       Leather armour    |       |     2 ||     2
Dodge: Dodged            |    20 |     7 ||    27

Table legend: (Time is in decaauts)
 A = Elapsed time spent in this place.
 B = Non-inter-level travel time spent in this place.
 C = Inter-level travel time spent in this place.
 D = Time resting spent in this place.
 E = Time spent auto-exploring this place.
 F = Levels seen in this place.
 G = Mean time per level.
                   A        B        C        D        E       F      G
               +--------+--------+--------+--------+--------+-----+--------+
         Total |   2860 |   2679 |    181 |    132 |   2186 |   3 |  953.3 |
       Dungeon |   2860 |   2679 |    181 |    132 |   2186 |   3 |  953.3 |
               +--------+--------+--------+--------+--------+-----+--------+

Top non-repeatable levels by time:
     D:2: 1122 daAuts
     D:1: 905 daAuts
     D:3: 833 daAuts
